 Dungeon Crawl Stone Soup version 0.27.1-1-g398f81649c (webtiles) character file.

Game seed: 8861101200317933940

177480 MajorAdolf the Unseen (level 18, -25/204 HPs)
             Began as a Naga Wanderer on Sept 19, 2021.
             Was a High Priest of Ashenzari.
             Annihilated by an alligator snapping turtle (28 damage)
             ... on level 4 of the Shoals on Sept 20, 2021.
             The game lasted 02:12:09 (45485 turns).

MajorAdolf the Unseen (Naga Wanderer)              Turns: 45485, Time: 02:12:10

Health: -25/204    AC: 20    Str: 17    XL:     18   Next: 17%
Magic:  11/46      EV: 11    Int: 20    God:    Ashenzari [*****.]
Gold:   2260       SH: 17    Dex: 12    Spells: 22/47 levels left

rFire    . . .     SeeInvis +   M - +6 dagger (venom)
rCold    + + +     Faith    .   c - +2 kite shield of the Tethered Adversity {Comp, Melee} (curse)
rNeg     + . .     Spirit   .   Y - +1 leather armour "Share My Soothsayer" {rC+, Alch, Comp} (curse)
rPois    +         Reflect  .   k - +2 hat "Gnostic Morality" {Drain rC++ MP+9 Dex+3, Self, Fort} (curse)
rElec    .         Harm     .   f - +2 cloak "Restrained Discomfort" {Evo, Elem} (curse)
rCorr    .         Rampage  .   x - +1 pair of gloves "Cursed With Me" {Melee, Cun} (curse)
Will     +++..     Clarity  +   r - +0 barding "Gnostic Oracle" {Bglg, Cun} (curse)
Stlth    +++++++...             S - amulet of the Celestial Seer {Regen+, Bglg, Self} (curse)
HPRegen  1.44/turn              N - ring of the Omniscient Repose {Will+, Melee, Cun} (curse)
MPRegen  0.30/turn              o - ring "Nuuros" {Fly rN+}

@: flying, studying Shields, very slow
A: AC +6, large, see invisible, deformed body, poison resistance, slowness 2,
spit poison 1, naga tail 2, large bone plates 1, berserk 1, robust 1
a: Spit Poison, Renounce Religion, Curse Item, Shatter the Chains


You were on level 4 of the Shoals.
You worshipped Ashenzari.
Ashenzari was extremely pleased with you.
You visited 6 branches of the dungeon, and saw 29 of its levels.
You also visited: Gauntlet.

You collected 4775 gold pieces.
You spent 2515 gold pieces at shops.

Inventory:

Hand Weapons
 L - a +2 war axe of electrocution
 M - a +6 dagger of venom (weapon)
Missiles
 K - 6 throwing nets
Armour
 c - the cursed +2 kite shield of the Tethered Adversity (worn) {Comp, Melee}
   (You took it off a goblin on level 4 of the Dungeon)

   It has a curse which improves the following skills: Companions: Summonings
   and Necromancy.
   Melee Combat: Short Blades, Long Blades, Axes, Maces & Flails, Polearms,
   Staves and Unarmed Combat.
 f - the cursed +2 cloak "Restrained Discomfort" (worn) {Evo, Elem}
   (You found it on level 1 of the Dungeon)

   It has a curse which improves the following skills: Evocations: Evocations.
   Elements:  Fire Magic, Ice Magic, Air Magic and Earth Magic.
 k - the cursed +2 hat "Gnostic Morality" (worn) {Drain rC++ MP+9 Dex+3, Self, Fort}
   (You found it in a Gauntlet)

   Dex:       It affects your dexterity (+3).
   rC:        It greatly protects you from cold.
   MP:        It affects your magic capacity (+9).
   Drain:     It drains your maximum health when unequipped.
   It has a curse which improves the following skills: Introspection: Fighting
   and Spellcasting.
   Fortitude: Armour and Shields.
 r - the cursed +0 barding "Gnostic Oracle" (worn) {Bglg, Cun}
   (You found it on level 5 of the Lair of Beasts)

   It has a curse which improves the following skills: Beguiling: Conjurations,
   Hexes and Translocations.
   Cunning:   Dodging and Stealth.
 x - the cursed +1 pair of gloves "Cursed With Me" (worn) {Melee, Cun}
   (You found it on level 5 of the Dungeon)

   It has a curse which improves the following skills: Melee Combat: Short
   Blades, Long Blades, Axes, Maces & Flails, Polearms, Staves and Unarmed
   Combat.
   Cunning:   Dodging and Stealth.
 U - a +1 robe of cold resistance
 Y - the cursed +1 leather armour "Share My Soothsayer" (worn) {rC+, Alch, Comp}
   (You found it on level 2 of the Lair of Beasts)

   It has a curse which improves the following skills: Alchemy: Poison Magic and
   Transmutations.
   Companions: Summonings and Necromancy.
Jewellery
 i - a ring of fire
 o - the ring "Nuuros" (right hand) {Fly rN+}
   (You found it on level 6 of the Lair of Beasts)

   [ring of flight]

   rN:        It protects you from negative energy.
   Fly:       It grants you flight.
 B - a +6 ring of strength
 N - the cursed ring of the Omniscient Repose (left hand) {Will+, Melee, Cun}
   (You found it on level 10 of the Dungeon)

   [ring of willpower]

   Will:      It increases your willpower.
   It has a curse which improves the following skills: Melee Combat: Short
   Blades, Long Blades, Axes, Maces & Flails, Polearms, Staves and Unarmed
   Combat.
   Cunning:   Dodging and Stealth.
 Q - the ring "Boqel" {rElec rN+ Int+6}
   (You found it on level 6 of the Lair of Beasts)

   [ring of positive energy]

   Int:       It affects your intelligence (+6).
   rElec:     It insulates you from electricity.
   rN:        It protects you from negative energy.
 R - a +6 ring of intelligence
 S - the cursed amulet of the Celestial Seer (around neck) {Regen+, Bglg, Self}
   (You found it on level 12 of the Dungeon)

   [amulet of regeneration]

   Regen:     It increases your rate of health regeneration.
   It has a curse which improves the following skills: Beguiling: Conjurations,
   Hexes and Translocations.
   Introspection: Fighting and Spellcasting.
Wands
 D - a wand of paralysis (36)
 F - a wand of acid (4)
 G - a wand of iceblast (38)
 H - a wand of polymorph (22)
 J - a wand of charming (10)
 O - a wand of mindburst (17)
Scrolls
 a - 7 scrolls of enchant armour
 e - a scroll of immolation
 h - 13 scrolls of teleportation
 j - 2 scrolls of vulnerability
 l - 2 scrolls of enchant weapon
 m - 7 scrolls of magic mapping
 p - a scroll of silence
 u - 5 scrolls of blinking
 A - a scroll of holy word
 E - a scroll of summoning
 P - 2 scrolls of fear
 T - 2 scrolls of amnesia
 W - 4 scrolls of fog
Potions
 b - 5 potions of haste
 g - 2 potions of berserk rage
 n - 10 potions of curing
 q - 2 potions of mutation
 s - 6 potions of flight
 t - 7 potions of lignification
 w - 3 potions of cancellation
 z - a potion of brilliance
 C - 4 potions of might
 I - a potion of magic
Miscellaneous
 v - a condenser vane
 y - a phantom mirror
 X - a lightning rod (4/4)
 Z - a piece from Xom's chessboard (15/15)


   Skills:
 + Level 13.7(17.3) Fighting
 - Level 5.4(10.5) Short Blades
 - Level 1.0(5.2) Long Blades
 - Level 1.0(3.8) Axes
 - Level 1.6(3.5) Armour
 + Level 5.4(10.5) Dodging
 - Level 15.4(20.0) Stealth
 - Level 7.8(10.5) Shields
 + Level 11.7(15.3) Spellcasting
 - Level 6.9(11.0) Translocations
 - Level 5.0(7.6) Transmutations
 - Level 5.0(7.6) Fire Magic
 + Level 14.1(16.4) Ice Magic
 - Level 2.7(5.0) Earth Magic
 - Level 5.0(7.6) Poison Magic
 + Level 11.7(14.1) Evocations


You had 22 spell levels left.
You knew the following spells:

 Your Spells              Type           Power      Damage    Failure   Level
a - Ozocubu's Armour      Ice            69%        N/A       0%          3
b - Frozen Ramparts       Ice            100%       1d12      0%          3
c - Ignite Poison         Fire/Tmut/Pois 45%        N/A       1%          3
d - Passwall              Tmut/Erth      33%        N/A       1%          2
e - Passage of Golubria   Tloc           N/A        N/A       1%          4
f - Manifold Assault      Tloc           56%        N/A       1%          5
g - Blink                 Tloc           N/A        N/A       1%          2
h - Mephitic Cloud        Conj/Pois/Air  26%        N/A       4%          3

Your spell library contained the following spells:

 Spells                   Type           Power      Damage    Failure   Level
 Sandblast                Erth           70%        2d15      1%          1
 Ensorcelled Hibernation  Hex/Ice        98%        N/A       1%          2
 Poisonous Vapours        Pois/Air       62%        N/A       1%          2
 Gell's Gravitas          Tloc           28%        N/A       1%          3
 Lesser Beckoning         Tloc           28%        N/A       1%          3
 Portal Projectile        Hex/Tloc       76%        N/A       1%          3
 Spider Form              Tmut/Pois      22%        N/A       1%          3
 Teleport Other           Tloc           56%        N/A       1%          3
 Hailstorm                Conj/Ice       49%        3d11      1%          4
 Ice Form                 Ice/Tmut       59%        N/A       1%          4
 Summon Ice Beast         Ice/Summ       49%        N/A       1%          4
 Conjure Flame            Conj/Fire      31%        6-21      2%          3
 Magic Dart               Conj           68%        1d6       3%          1
 Iskenderun's Mystic Bla  Conj/Tloc      38%        2d9       4%          4
 Metabolic Englaciation   Hex/Ice        24%        N/A       4%          5
 Searing Ray              Conj           34%        3d4       5%          2
 Corpse Rot               Necr/Air       N/A        N/A       6%          2
 Sticky Flame             Conj/Fire      31%        2d5       9%          4
 Call Canine Familiar     Summ           17%        N/A       11%         3
 Tukima's Dance           Hex            17%        N/A       11%         3
 Swiftness                Air            16%        N/A       12%         3
 Freezing Cloud           Conj/Ice/Air   19%        6-21      12%         5
 Leda's Liquefaction      Hex/Erth       13%        N/A       16%         4
 Lee's Rapid Deconstruct  Erth           17%        3d12*     17%         5
 Bolt of Magma            Conj/Fire/Erth 16%        4d9       22%         5
 Simulacrum               Ice/Necr       24%        N/A       22%         6
 Yara's Violent Unravell  Hex/Tmut       15%        3d8       24%         5
 Dispel Undead            Necr           17%        3d10      36%         4
 Fulminant Prism          Conj/Hex       8%         3d7       36%         4
 Statue Form              Tmut/Erth      26%        N/A       50%         6
 Death Channel            Necr           8%         N/A       99%         6
 Invisibility             Hex            8%         N/A       99%         6
 Shadow Creatures         Summ           N/A        N/A       99%         6


Dungeon Overview and Level Annotations

Branches:
Dungeon (15/15)            Temple (1/1) D:4            Lair (6/6) D:11
 Shoals (4/4) Lair:3        Snake (0/4) Lair:2        Slime (1/5) Lair:6
    Orc (2/2) D:10            Elf (0/3) Orc:2        Vaults (0/5) D:14
 Depths (0/5) D:15        Gauntlet (visited)

Altars:
Ashenzari
Cheibriados
Dithmenos
Elyvilon
Fedhas
Gozag
Hepliaklqana
Kikubaaqudgha
Makhleb
Nemelex Xobeh
Okawaru
Qazlal
Ru
Sif Muna
Trog
Uskayaw
Vehumet
Wu Jian
Xom
Yredelemnul
Zin
The Shining One
Beogh

Shops:
D:7 *   D:11 (   D:13 *   Orc:1 *   Orc:2 (([:

Portals:
Abyss: D:4
Trove: D:13 (give +7 demon blade)

Annotations:
D:4 2 transporters, Borgoz's ghost, amateur MiBe
D:8 3 runed translucent doors, hickop's ghost, novice MiBe
Lair:1 exclusion: oklob plant
Lair:5 1 runed translucent door, Caath's ghost, journeyman DrFi
Orc:1 3 runed translucent doors, Bigaod's ghost, journeyman DsGl


Innate Abilities, Weirdness & Mutations

Your serpentine skin is tough. (AC +6)
You have supernaturally acute eyesight. (SInv)
Armour fits poorly on your strangely shaped body.
Your system is resistant to poisons. (rPois)
You cover ground very slowly.
You can spit poison.
You can use your snake-like lower body to constrict enemies.
You are partially covered in large bone plates. (SH +4)
You tend to lose your temper in combat.
You are robust. (+10% HP)


Message History

You constrict the merfolk javelineer. You block the harpy's attack. x2
The merfolk javelineer throws a javelin.
The javelin closely misses you.
The merfolk aquamancer hits you but does no damage.
You block the alligator snapping turtle's attack.
The heat melts your icy armour.
You hit the merfolk javelineer.
The merfolk javelineer is poisoned.
The merfolk javelineer is severely wounded.
You are engulfed in a cloud of scalding steam.
You constrict the merfolk javelineer. The harpy claws you but does no damage.
You block the harpy's attack.
You block the merfolk javelineer's attack.
The merfolk javelineer throws a javelin.
The javelin pierces through you but does no damage.
The merfolk aquamancer gestures at you while chanting.
The torrent of water hits you!!
* * * LOW HITPOINT WARNING * * *
Your icy armour cracks and falls away as you move.
You lose your grip on the merfolk javelineer.
You are knocked back by the torrent of water.
The wave splashes down.
You hear an angry hiss.
The heat melts your icy armour.
You feel much better.
You are engulfed in a cloud of scalding steam.
The merfolk javelineer throws a javelin.
The javelin pierces through you!
* * * LOW HITPOINT WARNING * * *
Okay, then.
Casting: Ignite Poison (safe; 1% risk of failure)
Confirm with . or Enter, or press ? or * to list all spells.
Aiming: Passage of Golubria (mildly dangerous; 1% risk of failure)
Press: ? - help, Dir - move target You are engulfed in a cloud of scalding steam.
* * * LOW HITPOINT WARNING * * *
The merfolk aquamancer gestures at you while chanting.
The torrent of water misses you.
You hear a splash.
The alligator snapping turtle bites you from afar!!
You die...

≈ ≈
≈≈≈≈≈≈≈≈....≈.......≈..≈..
≈ ≈≈≈≈≈≈≈........^...≈≈≈≈..
≈≈
≈≈≈≈≈≈...........≈.......
≈≈≈≈≈≈≈≈.................##
≈ ≈≈≈≈
≈≈≈≈≈≈..................# ≈
≈ ≈
≈≈≈≈≈§............≈≈≈....
≈≈≈
≈≈≈≈≈≈§§..........≈≈≈≈≈..≈
≈≈≈≈≈≈≈≈≈§≈H....)..≈≈≈≈..≈
≈ ≈≈≈
≈≈≈≈≈≈≈≈@Ht............≈≈ ≈
≈≈≈≈≈######Hm..........≈≈≈≈
≈ ≈≈ ≈≈
#≈≈≈m≈#m......)..≈.≈≈≈ ≈ ≈
#≈≈≈≈E#≈#......[....≈≈≈ ≈≈
≈ ≈
*≈.≈#≈≈≈#.#..........≈≈≈ ≈
≈ ≈.≈≈≈ ≈{#.....<.(≈≈≈≈≈ ≈
≈ ≈≈* .≈## ≈
,#.........≈≈≈≈ ≈ ≈..≈*≈*{
#........≈≈≈≈≈ ≈*≈# ≈
#.....≈≈≈≈≈≈≈#


You could see an alligator snapping turtle, 2 merfolk javelineers, a merfolk
aquamancer, a water elemental and 3 harpies.

Vanquished Creatures
  Nikola (Shoals:1)
  Jorgrun (Orc:1)
  Rupert (Orc:2)
  Donald (Orc:2)
  2 azure jellies (Lair:6)
  Aizul (Shoals:1)
  2 orc warlords
  Azrael (Orc:2)
  2 merfolk javelineers
  A dire elephant (Lair:4)
  Harold (D:8)
  5 merfolk impalers
  Fannar (D:12)
  The ghost of Borgoz the Carver, a journeyman GrBe of Trog (D:12)
  3 boulder beetles
  4 catoblepae
  10 hydras
  2 centaur warriors (D:14)
  2 merfolk avatars
  2 dancing weapons (D:14)
  12 two-headed ogres
  3 satyrs (Shoals:3)
  An ogre mage (D:15)
  2 alligator snapping turtles
  5 merfolk aquamancers
  A deep troll shaman (Lair:6)
  4 death yaks (Lair:6)
  Urug (Lair:2)
  A thrashing horror (Gauntlet)
  Nergalle (D:10)
  9 hell knights (D:13)
  Sonja (D:12)
  19 sea snakes
  4 orc knights (Orc:2)
  A necromancer (D:13)
  A mana viper (shapeshifter) (D:15)
  14 harpies
  A lindwurm (Lair:6)
  3 deep elf pyromancers
  2 wolf spiders (D:15)
  12 fauns
  5 orc sorcerers
  11 ugly things
  A salamander (D:15)
  12 manticores
  4 cyclopes
  17 elephants
  An ice statue (Gauntlet)
  7 merfolk sirens
  10 water nymphs
  Joseph (D:7)
  A molten gargoyle (Lair:5)
  2 gargoyles
  A black mamba (Lair:5)
  15 cane toads
  Maggie (Lair:1)
  2 unseen horrors
  8 rime drakes
  5 yaktaurs (D:15)
  3 tengu conjurers (D:13)
  12 komodo dragons
  An ice devil (Gauntlet)
  6 trolls
  30 merfolk
  14 blink frogs
  7 wind drakes
  4 polar bears
  21 dream sheep
  16 slime creatures
  12 snapping turtles
  A shadow (D:9)
  14 water elementals
  16 wyverns
  57 yaks
  Sigmund (D:4)
  3 wraiths
  4 fire elementals (Orc:2)
  6 basilisks
  A naga (Lair:2)
  6 wargs
  4 neqoxecs (D:12)
  3 small abominations (Gauntlet)
  10 hell hounds
  An acid dragon (D:13)
  20 water moccasins
  2 black bears
  A sky beast (D:5)
  39 orc warriors
  3 ice beasts
  11 ogres
  9 wolves
  8 centaurs
  Blork the orc (D:5)
  A kobold brigand (D:7)
  11 bullfrogs
  2 gnoll sergeants
  2 scorpions (D:6)
  A water moccasin skeleton (D:4)
  5 killer bees (D:8)
  5 wights
  4 electric eels
  3 howler monkeys (D:10)
  4 jellies
  A bullfrog zombie (D:5)
  4 quasits (D:12)
  3 centaur zombies
  3 hounds
  A bullfrog skeleton (D:6)
  24 orc priests
  A centaur skeleton (D:5)
  An iguana (D:5)
  2 scorpion zombies
  29 orc wizards
  9 hell rats (Lair:5)
  A hound zombie (D:4)
  Robin (D:2)
  4 adders
  12 gnolls
  A shadow imp (D:6)
  5 white imps
  2 ufetubi (D:6)
  4 adder zombies (D:4)
  A worm (D:2)
  A dart slug (D:1)
  100 orcs
  8 ball pythons
  3 endoplasms
  6 giant cockroaches
  12 goblins
  10 hobgoblins
  8 jackals
  2 quokkas
  4 bats
  3 frilled lizards
  A jackal skeleton (D:4)
  11 kobolds
  4 rats
913 creatures vanquished.

Vanquished Creatures (collateral kills)
  A minotaur (Gauntlet)
  3 orc warriors
4 creatures vanquished.

Vanquished Creatures (others)
  Frances (Shoals:1)
  A sea snake (Shoals:2)
  A faun (Shoals:1)
  A fire vortex (Lair:5)
  24 fungi
  171 plants
  5 withered plants
204 creatures vanquished.

Grand Total: 1121 creatures vanquished

Notes
Turn   | Place    | Note
-------+----------+-------------------------------------------
     0 | D:1      | MajorAdolf the Naga Wanderer began the quest for the Orb.
     0 | D:1      | MajorAdolf set off with the following items: a +2 dagger, a
                  | potion of haste, a +0 ring mail, a +0 falchion
     0 | D:1      | Reached XP level 1. HP: 18/18 MP: 1/1
   258 | D:1      | Found a faded altar of an unknown god.
   321 | D:1      | Reached XP level 2. HP: 26/26 MP: 2/2
  1162 | D:2      | Reached XP level 3. HP: 30/33 MP: 3/3
  1602 | D:2      | Noticed Robin
  1635 | D:2      | Killed Robin
  1636 | D:2      | Reached XP level 4. HP: 27/44 MP: 4/4
  3326 | D:4      | Noticed a small abomination
  3358 | D:4      | Reached skill level 5 in Stealth
  3358 | D:4      | Reached XP level 5. HP: 47/51 MP: 5/5
  3429 | D:4      | Learned a level 3 spell: Ozocubu's Armour
  3438 | D:4      | Noticed Borgoz's ghost (amateur MiBe)
  3616 | D:4      | Reached skill level 5 in Fighting
  3803 | D:4      | Reached skill level 1 in Ice Magic
  3881 | D:4      | Reached XP level 6. HP: 60/61 MP: 6/6
  3929 | D:4      | Found a transporter.
  3954 | D:4      | Found a staircase to the Ecumenical Temple.
  4027 | D:4      | Noticed Sigmund
  4239 | D:4      | Killed Sigmund
  4240 | D:4      | Reached skill level 1 in Shields
  4781 | D:4      | Found a one-way gate to the infinite horrors of the Abyss.
  4793 | D:4      | Found a transporter.
  4889 | D:5      | Entered Level 5 of the Dungeon
  4927 | D:5      | Reached XP level 7. HP: 56/67 MP: 7/7
  5288 | D:5      | Learned a level 3 spell: Frozen Ramparts
  5473 | D:5      | Noticed Blork the orc
  5774 | D:5      | Reached XP level 8. HP: 68/74 MP: 8/8
  5841 | D:6      | Found a radiant altar of Vehumet.
  6000 | D:6      | Reached skill level 5 in Ice Magic
  6530 | D:5      | Killed Blork the orc
  6731 | D:5      | Reached skill level 5 in Shields
  7020 | D:6      | Reached skill level 6 in Stealth
  7077 | D:6      | Reached XP level 9. HP: 81/81 MP: 9/9
  7161 | D:6      | Found a sparkling altar of Nemelex Xobeh.
  7978 | D:6      | Reached skill level 1 in Poison Magic
  8182 | D:7      | Noticed Joseph
  8204 | D:7      | Killed Joseph
  8205 | D:7      | Reached skill level 7 in Stealth
  8205 | D:7      | Reached skill level 1 in Transmutations
  8205 | D:7      | Reached skill level 1 in Fire Magic
  8488 | D:7      | Found a stormy altar of Qazlal.
  8491 | D:7      | Found a snail-covered altar of Cheibriados.
  8811 | D:7      | Found Hmury's Humungous Hoard.
  8816 | D:7      | Reached skill level 1 in Evocations
  9134 | D:7      | Bought a potion of heal wounds for 55 gold pieces
  9198 | D:7      | HP: 3/82 [electric eel/bolt of electricity (8)]
  9501 | D:7      | Found a hide-covered altar of Uskayaw.
  9501 | D:7      | Found a glowing golden altar of the Shining One.
 10230 | D:7      | Found a shimmering blue altar of Sif Muna.
 10610 | D:8      | Reached skill level 1 in Spellcasting
 10673 | D:8      | Noticed Harold
 10692 | D:8      | Killed Harold
 10693 | D:8      | Reached skill level 8 in Stealth
 10693 | D:8      | Reached XP level 10. HP: 82/92 MP: 6/12
 11029 | D:8      | Found a runed translucent gate.
 11029 | D:8      | Found a runed translucent gate.
 11030 | D:8      | Found a runed translucent gate.
 11032 | D:8      | Noticed hickop's ghost (novice MiBe)
 11605 | D:8      | Learned a level 3 spell: Ignite Poison
 11859 | D:9      | Noticed a two-headed ogre
 11869 | D:9      | Killed a two-headed ogre
 12212 | D:9      | Reached skill level 9 in Stealth
 12421 | D:9      | Found an iron altar of Okawaru.
 12533 | D:9      | Noticed a two-headed ogre
 12541 | D:9      | Killed a two-headed ogre
 12542 | D:9      | Reached skill level 5 in Poison Magic
 12542 | D:9      | Reached XP level 11. HP: 81/99 MP: 4/15
 12782 | D:10     | Entered Level 10 of the Dungeon
 12892 | D:10     | Noticed Nergalle
 12924 | D:10     | Killed Nergalle
 14844 | D:10     | Found a staircase to the Orcish Mines.
 15579 | D:10     | Reached skill level 10 in Stealth
 15934 | Temple   | Entered the Ecumenical Temple
 16005 | Temple   | Became a worshipper of Ashenzari the Shackled
 16210 | D:11     | Identified the +3 scale mail "Omaymmegh" {Harm Regen+}
 16653 | D:11     | Found a snail-covered altar of Cheibriados.
 16922 | D:11     | Noticed a five-headed hydra
 16936 | D:11     | Killed a five-headed hydra
 16937 | D:11     | Reached skill level 5 in Fire Magic
 17135 | D:11     | Found a staircase to the Lair.
 17225 | D:11     | Noticed a boulder beetle
 17251 | D:11     | Killed a boulder beetle
 17252 | D:11     | Reached skill level 5 in Transmutations
 17252 | D:11     | Reached skill level 5 in Evocations
 17252 | D:11     | Reached XP level 12. HP: 89/110 MP: 10/18
 17771 | D:11     | Found Fuwuymov's Weapon Shop.
 17949 | D:12     | Found a transporter.
 17977 | D:12     | Noticed Borgoz's ghost (journeyman GrBe)
 18261 | D:12     | Noticed a two-headed ogre
 18268 | D:12     | Killed a two-headed ogre
 18269 | D:12     | Reached skill level 1 in Short Blades
 18337 | D:12     | Reached skill level 11 in Stealth
 18431 | D:12     | Found a transporter.
 18518 | D:12     | Noticed Fannar
 18873 | D:12     | Killed Fannar
 19161 | D:12     | Reached skill level 5 in Spellcasting
 19230 | D:12     | Reached * piety under Ashenzari
 19235 | D:12     | Noticed Sonja
 19235 | D:12     | Noticed a two-headed ogre
 19242 | D:12     | Killed Sonja
 19243 | D:12     | Killed a two-headed ogre
 19451 | D:12     | Noticed a two-headed ogre
 19459 | D:12     | Killed a two-headed ogre
 19854 | D:13     | Noticed a seven-headed hydra
 19915 | Lair:1   | Entered Level 1 of the Lair of Beasts
 20357 | Lair:1   | Reached ** piety under Ashenzari
 20366 | Lair:1   | Noticed a six-headed hydra
 20377 | Lair:1   | Killed a six-headed hydra
 20378 | Lair:1   | Reached skill level 12 in Stealth
 20452 | Lair:1   | Identified the ring "Awefer" {rF- rN++ Int+6 Dex+2}
 20536 | Lair:1   | Gained mutation: You can use your snake-like lower body to
                  | constrict enemies. [Naga growth]
 20536 | Lair:1   | Reached XP level 13. HP: 121/121 MP: 21/21
 20719 | Lair:1   | Noticed Maggie
 20726 | Lair:1   | Killed Maggie
 20946 | Lair:2   | Noticed Urug
 21003 | Lair:2   | Killed Urug
 21410 | Lair:2   | Found a staircase to the Snake Pit.
 21608 | Lair:2   | Reached skill level 10 in Ice Magic
 21944 | Lair:2   | Reached *** piety under Ashenzari
 22319 | Lair:3   | Identified a scroll of acquirement
 22328 | Lair:3   | Acquired 1014 gold pieces
 22359 | Lair:3   | Found a gate leading to a gauntlet.
 22364 | Gauntlet | Entered a Gauntlet
 22364 | Gauntlet | Found a transporter.
 22373 | Gauntlet | Found a transporter.
 22388 | Gauntlet | Found a transporter.
 22393 | Gauntlet | Found a transporter.
 22409 | Gauntlet | Identified the +2 hat "Azuetuzink" {Drain rC++ MP+9 Dex+3}
 22410 | Gauntlet | Found a transporter.
 22424 | Gauntlet | Identified the +5 spear "Soavodet" {venom, rC++ Str-3}
 22428 | Gauntlet | Found a transporter.
 22432 | Gauntlet | Identified the +1 pair of gloves "Ypozar" {rElec}
 22440 | Gauntlet | Found a transporter.
 22442 | Gauntlet | Identified the ring "Vyam" {rPois rC+ Str+6 Dex-4 SInv}
 22452 | Gauntlet | Found a transporter.
 22463 | Gauntlet | Identified the ring "Uxopti Fumma" {rC+ rN+ rCorr Int-5
                  | Slay+4}
 22464 | Gauntlet | Found a transporter.
 22465 | Gauntlet | Noticed an entropy weaver
 22479 | Gauntlet | Found a transporter.
 22480 | Gauntlet | Noticed an entropy weaver
 22493 | Gauntlet | Found a transporter.
 22501 | Gauntlet | Reached **** piety under Ashenzari
 22505 | Gauntlet | Identified the +1 pair of boots "Tupenah" {rF+ rC- Will+}
 22511 | Gauntlet | Found a transporter.
 22513 | Gauntlet | Found a transporter.
 22540 | Gauntlet | Found a transporter.
 22560 | Gauntlet | Found a transporter.
 22638 | Gauntlet | Found a transporter.
 22658 | Gauntlet | Found a transporter.
 22871 | Gauntlet | Found a transporter.
 22992 | Gauntlet | Reached skill level 5 in Short Blades
 23047 | Gauntlet | Reached skill level 13 in Stealth
 23249 | Gauntlet | Identified the +0 leather armour "Zian" {rPois}
 23249 | Gauntlet | Identified the +6 flail "Killer Klown's Curse" {vorpal,
                  | rElec Will+ Str-4}
 23249 | Gauntlet | Identified the +1 scale mail of Complete Protection {rF+
                  | MP+9 Dex+9 Stlth-}
 23249 | Gauntlet | Noticed a minotaur
 23259 | Gauntlet | Killed a minotaur
 23601 | Lair:3   | Found a staircase to the Shoals.
 24301 | Lair:4   | Noticed a dire elephant
 24305 | Lair:4   | Reached skill level 10 in Fighting
 24320 | Lair:4   | Killed a dire elephant
 24651 | Lair:4   | Reached XP level 14. HP: 135/138 MP: 15/27
 24951 | Lair:4   | Reached skill level 14 in Stealth
 25489 | Lair:5   | Found a runed translucent door.
 25490 | Lair:5   | Noticed Caath's ghost (journeyman DrFi)
 25513 | Lair:5   | Reached ***** piety under Ashenzari
 26882 | Lair:6   | Entered Level 6 of the Lair of Beasts
 27380 | Lair:6   | Reached skill level 15 in Stealth
 27592 | Lair:6   | Learned a level 2 spell: Passwall
 27671 | Lair:6   | Identified the ring "Boqel" {rElec rN+ Int+6}
 27774 | Lair:6   | Identified the ring "Nuuros" {Fly rN+}
 27826 | Lair:6   | Reached skill level 1 in Earth Magic
 27837 | Lair:6   | Reached XP level 15. HP: 137/148 MP: 27/30
 28044 | Lair:6   | Gained mutation: You are agile. (Dex +2) [potion of
                  | mutation]
 28044 | Lair:6   | Gained mutation: You have a pair of small antennae on your
                  | head. [potion of mutation]
 28045 | Lair:6   | Lost mutation: You are agile. (Dex +2) [potion of mutation]
 28045 | Lair:6   | Lost mutation: You have a pair of small antennae on your
                  | head. [potion of mutation]
 28045 | Lair:6   | Gained mutation: Your muscles are strong. (Str +2) [potion
                  | of mutation]
 28045 | Lair:6   | Lost mutation: Your muscles are strong. (Str +2) [potion of
                  | mutation]
 28045 | Lair:6   | Gained mutation: You are partially covered in large bone
                  | plates. (SH +4) [potion of mutation]
 28045 | Lair:6   | Gained mutation: You are robust. (+10% HP) [potion of
                  | mutation]
 28267 | Lair:6   | Found a staircase to the Slime Pits.
 28756 | Slime:1  | Entered Level 1 of the Pits of Slime
 28756 | Slime:1  | Noticed an azure jelly
 28756 | Slime:1  | Noticed an azure jelly
 28760 | Slime:1  | Noticed a rockslime
 28760 | Slime:1  | Noticed a rockslime
 28778 | Lair:6   | Killed an azure jelly
 28779 | Lair:6   | Killed an azure jelly
 29031 | Orc:1    | Entered Level 1 of the Orcish Mines
 29037 | Orc:1    | Noticed an orc warlord
 29079 | D:10     | Killed an orc warlord
 29550 | Orc:1    | Found a runed translucent gate.
 29550 | Orc:1    | Found a runed translucent gate.
 29550 | Orc:1    | Found a runed translucent gate.
 29556 | Orc:1    | Noticed Bigaod's ghost (journeyman DsGl)
 29650 | Orc:2    | Entered Level 2 of the Orcish Mines
 29772 | Orc:2    | Found a staircase to the Elven Halls.
 29782 | Orc:2    | Noticed Rupert
 29821 | Orc:2    | Killed Rupert
 29934 | Orc:2    | Noticed Azrael
 30065 | Orc:2    | Found Ninasit's Antique Weapon Shop.
 30552 | Orc:2    | Noticed an orc warlord
 30575 | Orc:2    | Killed an orc warlord
 30661 | Orc:2    | Found Ytwyetuu's Antique Armour Boutique.
 30956 | Orc:2    | Found Qochac's Book Shop.
 31126 | Orc:2    | Killed Azrael
 31243 | Orc:2    | Noticed Donald
 31261 | Orc:2    | Killed Donald
 31442 | Orc:2    | Bought a manual of Shields for 1200 gold pieces
 31442 | Orc:2    | Bought a Trismegistus Codex for 420 gold pieces
 31442 | Orc:2    | Bought Great Wizards, Vol. VII for 450 gold pieces
 31442 | Orc:2    | Bought a book of Spatial Translocations for 390 gold pieces
 31447 | Orc:2    | Learned a level 4 spell: Passage of Golubria
 31453 | Orc:2    | Learned a level 5 spell: Manifold Assault
 31594 | Orc:2    | Found Lyzid's Antique Weapon Shop.
 31623 | Orc:2    | Learned a level 2 spell: Blink
 32031 | Orc:1    | Reached skill level 1 in Translocations
 32133 | Orc:1    | Found Cihaam's General Store.
 32274 | Orc:1    | Noticed Jorgrun
 32278 | Orc:1    | Killed Jorgrun
 32552 | D:13     | Found Ceubo's Assorted Antiques.
 32620 | D:13     | Reached XP level 16. HP: 155/181 MP: 31/33
 33180 | D:12     | Gained mutation: You tend to lose your temper in combat. [a
                  | neqoxec]
 33207 | D:12     | Killed Borgoz's ghost
 33208 | D:12     | Reached skill level 10 in Spellcasting
 34217 | D:13     | Reached skill level 10 in Evocations
 34583 | D:13     | Found a portal to a secret trove of treasure.
 34726 | D:14     | Found a gate to the Vaults.
 35023 | D:14     | Found a shimmering altar of Xom.
 35027 | D:14     | Found a shimmering altar of Xom.
 35027 | D:14     | Found a shimmering altar of Xom.
 35027 | D:14     | Found a shimmering altar of Xom.
 35027 | D:14     | Found a shimmering altar of Xom.
 35032 | D:14     | Found a shimmering altar of Xom.
 35032 | D:14     | Found a shimmering altar of Xom.
 35121 | D:15     | Entered Level 15 of the Dungeon
 36131 | D:15     | Found a hide-covered altar of Uskayaw.
 36166 | D:15     | Learned a level 3 spell: Mephitic Cloud
 36546 | D:15     | Found a shadowy altar of Dithmenos.
 36816 | D:15     | Found a staircase to the Depths.
 36844 | D:15     | Acquired 1171 gold pieces
 37037 | Shoals:1 | Entered Level 1 of the Shoals
 37037 | Shoals:1 | Noticed Frances
 37041 | Shoals:1 | Noticed Nikola
 37044 | Shoals:1 | Killed Frances
 37050 | Shoals:1 | Killed Nikola
 37058 | Shoals:1 | Reached skill level 5 in Translocations
 37139 | Shoals:1 | Noticed Aizul
 37169 | Shoals:1 | Killed Aizul
 37170 | Shoals:1 | Reached XP level 17. HP: 77/192 MP: 27/35
 37461 | Shoals:1 | HP: 2/192 [alligator snapping turtle (26)]
 43659 | Shoals:4 | Entered Level 4 of the Shoals
 43888 | Shoals:4 | Reached skill level 5 in Dodging
 44284 | Shoals:4 | Reached XP level 18. HP: 185/204 MP: 33/37
 44468 | Shoals:4 | Identified the +3 scale mail of Huplyost {rC- Str-3 Int+3
                  | Dex+8}
 45483 | Shoals:4 | HP: 2/204 [merfolk aquamancer/torrent of water (35)]
 45485 | Shoals:4 | Annihilated by an alligator snapping turtle

Illustrated notes

Levels and vault maps discovered:
D:1:      lightli_iron_boxes, layout_loops_ring,
          shapermc_ecumenical_altar_mp_ritualfount, minmay_misc_feat_doors,
          minmay_misc_feat_diagonals, kennysheep_another_room
D:2:      cheibrodos_old_hovel, layout_basic, uniq_robin
D:3:      layout_basic, wad_floor_pattern_1, minmay_surrounded
D:4:      layout_cave_pools, minmay_temple_entry_large_hall,
          gammafunk_ghost_abyssal_escape, serial_undead, serial_undead_d,
          serial_undead_f, serial_undead_b, serial_undead_f,
          hangedman_decor_peaks_small, grunt_decor_junction,
          minmay_goblin_kobold_house, uniq_sigmund
D:5:      layout_rooms, minivault_26, dk_vineyard_1, uniq_blork_the_orc
D:6:      layout_rooms, mainiacjoe_overflow_surrounded_room,
          mainiacjoe_overflow_alcove_1, minivault_10
D:7:      layout_basic, tgw_sif, nicolae_overflow_hidden_temple,
          gammafunk_temple_overflow_pools, kennysheep_cluttered_room,
          nicolae_alphabet_shops, uniq_joseph
D:8:      layout_basic, gammafunk_ghost_nasty_kobolds, uniq_harold
D:9:      layout_basic, okawaru_trees_1
D:10:     layout_layer_cave, david_orc_1_choice, minmay_tree_intersection,
          uniq_nergalle
D:11:     layout_irregular_city, david_lair_shrubbed, serial_shops,
          nicolae_shop_behind_doors, cheibriados_altar_1
D:12:     layout_irregular_city, gammafunk_ghost_stat_death, uniq_sonja,
          uniq_fannar
D:13:     layout_rooms, nicolae_trove_entry_diagonal, serial_shops,
          nicolae_stop_n_shop_1, minmay_rotating_lava
D:14:     layout_big_octagon, erik_vaults_1, nicolae_xom_altar_mimics
D:15:     hangedman_depths_entry_try_elsewhere_first, layout_gridville,
          nicolae_uskayaw_dance_hall, hangedman_decor_diamond_cutter,
          grunt_dithmenos_smoke_and_mirrors
Temple:   nicolae_temple_great_sept
Lair:1:   layout_cave_pods, minmay_lair_oklob_chamber, uniq_maggie
Lair:2:   layout_chaotic_city, guppyfry_snake_entry_island, uniq_urug
Lair:3:   layout_loops_ring, shoals_dummy_entry, gauntlet_entry_generic
Lair:4:   layout_gridlike, nzn_random_ring
Lair:5:   layout_gridlike, special_room [special_room_mythical_zoo],
          gammafunk_ghost_grave, wad_woods_river_02, st_stairs_5,
          serial_bayou_pond_a
Lair:6:   grunt_lair_end_beastmaster, layout_big_grid,
          minmay_slime_entry_pillars
Shoals:1: layout_shoals, uniq_nikola, uniq_aizul, uniq_frances
Shoals:2: cheibrodos_shoals_three_sisters, layout_shoals
Shoals:3: layout_shoals
Shoals:4: shoals_end_hangedman, layout_shoals
Slime:1:  layout_caves
Orc:1:    layout_caves, serial_shops, nicolae_shop_waterfront,
          ebering_ghost_rock_garden, uniq_jorgrun
Orc:2:    grunt_orc_community_town_hall, layout_caves,
          grunt_orc_community_big_house_1, grunt_orc_community_big_house_2,
          grunt_orc_community_house_2, grunt_orc_community_house_1,
          grunt_orc_community_house_1, grunt_orc_community_house_2, uniq_donald,
          uniq_rupert, uniq_azrael

Skill      XL: |  1  2  3  4  5  6  7  8  9 10 11 12 13 14 15 16 17 |
---------------+----------------------------------------------------+-----
Fighting       | 2 3 4 5 6 7 9 10 11 12 13 | 13.7
Stealth        | 5 6 8 9 10 12 13 15 | 15.4
Ice Magic      | 1 2 4 6 7 8 9 10 11 12 13 14 | 14.1
Shields        | 2 3 5 6 7 |  7.8
Poison Magic   | 3 5 |  5.0
Transmutations | 2 3 5 |  5.0
Fire Magic     | 2 3 5 |  5.0
Evocations     | 2 3 5 6 7 9 10 11 | 11.7
Spellcasting   | 1 2 4 5 7 8 9 10 11 | 11.7
Short Blades   | 3 5 |  5.4
Earth Magic    | 1 2 |  2.7
Translocations | 1 5 6 |  6.9
Dodging        | 3 5 |  5.4
Long Blades    | |  1.0
Axes           | |  1.0
Armour         | |  1.6

Action                   |  1- 3 |  4- 6 |  7- 9 | 10-12 | 13-15 | 16-18 || total
-------------------------+-------+-------+-------+-------+-------+-------++-------
Melee: Dagger            |    87 |   227 |   199 |   443 |  1167 |  1141 ||  3264
       Whip              |       |       |   251 |    87 |       |       ||   338
       Constrict         |       |       |       |       |   249 |    98 ||   347
 Fire: Hunting sling     |       |       |    39 |       |       |       ||    39
 Cast: Frozen Ramparts   |       |       |     7 |    33 |    23 |    19 ||    82
       Ozocubu's Armour  |       |       |    22 |    30 |    25 |    15 ||    92
       Ignite Poison     |       |       |       |    64 |   218 |   178 ||   460
       Manifold Assault  |       |       |       |       |       |   216 ||   216
       Passage of Golubr |       |       |       |       |       |    13 ||    13
       Mephitic Cloud    |       |       |       |       |       |     2 ||     2
Invok: Curse Item        |       |       |       |     3 |     7 |       ||    10
       Shatter the Chain |       |       |       |       |       |     1 ||     1
 Abil: Spit Poison       |     4 |    10 |    36 |    24 |    21 |    16 ||   111
Evoke: Wand              |       |       |       |     1 |    12 |    14 ||    27
       Phantom mirror    |       |       |       |     1 |     3 |     2 ||     6
       Condenser vane    |       |       |       |     1 |     1 |     3 ||     5
       Piece from Xom's  |       |       |       |       |     1 |       ||     1
       Lightning rod     |       |       |       |       |       |     3 ||     3
  Use: Potion            |       |       |     1 |     1 |     7 |     2 ||    11
       Scroll            |       |       |       |     2 |     5 |     4 ||    11
 Stab: Sleeping          |     3 |     1 |     4 |     8 |    28 |    23 ||    67
       Paralysed         |       |       |       |     1 |     3 |       ||     4
       Petrified         |       |       |       |       |    12 |       ||    12
       Distracted        |       |       |       |       |     4 |     1 ||     5
Armor: Ring mail         |    46 |    33 |       |       |       |       ||    79
       Robe              |       |    97 |   189 |   195 |    18 |       ||   499
       Leather armour    |       |       |       |       |   465 |   193 ||   658
Dodge: Dodged            |    43 |   102 |   134 |   159 |   360 |   187 ||   985
Block: Kite shield       |       |    63 |   310 |   321 |   954 |   578 ||  2226
